 Dungeon Crawl Stone Soup version 0.24-a0-512-g2b48af375b (webtiles) character file.

Game seed: 10463233605783556999

268 Gynju the Cudgeler (level 6, -2/51 HPs)
             Began as a Hill Orc Fighter on July 20, 2019.
             Slain by a gnoll
             ... wielding a +0 halberd
              (10 damage)
             ... on level 3 of the Dungeon.
             The game lasted 00:02:22 (2587 turns).

Gynju the Cudgeler (Hill Orc Fighter)               Turns: 2587, Time: 00:02:22

Health: -2/51      AC: 10    Str: 21    XL:     6   Next: 21%
Magic:  6/6        EV:  5    Int:  8    God:
Gold:   199        SH:  9    Dex: 10    Spells: 5/5 levels left

rFire    . . .     SeeInvis .   a - +0 flail
rCold    . . .     Gourm    .   c - +0 shield
rNeg     . . .     Faith    .   p - +0 chain mail
rPois    .         Spirit   .   m - +0 helmet
rElec    .         Reflect  .   (no cloak)
rCorr    .         Harm     .   (no gloves)
MR       .....                  (no boots)
Stlth    ..........             (no amulet)
HPRegen  0.17/turn              (no ring)
MPRegen  0.10/turn              (no ring)

@: no status effects
A: no striking features
a: no special abilities


You were on level 3 of the Dungeon.
You were not hungry.

You visited 1 branch of the dungeon, and saw 3 of its levels.

You collected 199 gold pieces.

Inventory:

Hand Weapons
 a - a +0 flail (weapon)
Armour
 c - a +0 shield (worn)
 m - a +0 helmet (worn)
 p - a +0 chain mail (worn)
Jewellery
 q - a +2 ring of protection
Scrolls
 e - a scroll of noise {unknown}
 j - 2 scrolls of teleportation {unknown}
 l - 4 scrolls of identify {unknown}
 n - 2 scrolls of random uselessness {unknown}
 o - 2 scrolls of amnesia {unknown}
 r - a scroll of remove curse {unknown}
Potions
 d - a potion of might
 g - 3 potions of curing {unknown}
 h - a potion of haste {unknown}
 i - a potion of magic {unknown}
 k - a potion of resistance {unknown}
Comestibles
 b - 9 chunks of flesh
 f - 5 rations


   Skills:
 - Level 3.6 Fighting
 + Level 7.0 Maces & Flails
 - Level 3.2 Armour
 - Level 3.2 Shields


You had 5 spell levels left.
You didn't know any spells.
Your spell library was empty.

Dungeon Overview and Level Annotations

Branches:
Dungeon (3/15)

Altars:
Gozag


Message History

Your shield and chain mail prevent you from hitting the gnoll.
You block the gnoll's attack.
You closely miss the gnoll. You block the gnoll's attack.
You hit the gnoll.
The gnoll is moderately wounded.
The gnoll hits you but does no damage.
You hit the gnoll.
The gnoll is moderately wounded.
The gnoll hits you with a +0 halberd!
* * * LOW HITPOINT WARNING * * *
You closely miss the gnoll.
The gnoll is moderately wounded.
The gnoll hits you but does no damage.
You hit the gnoll.
The gnoll is severely wounded.
You block the gnoll's attack.
You hit the gnoll.
The gnoll is almost dead.
The gnoll hits you with a +0 halberd!
You die...

######### ........#
........#################
.......g@))).............
........#################
..$.....# # ........#
........# .%......#
...[....#################
...[.$.+........).......
#################


You could see a gnoll.

Vanquished Creatures
  2 orc priests (D:3)
  An orc wizard (D:3)
  A worker ant (D:2)
  3 gnolls (D:3)
  An adder (D:2)
  An ooze (D:2)
  2 worms
  4 dart slugs
  5 leopard geckos
  5 orcs (D:3)
  3 ball pythons
  8 giant cockroaches
  6 goblins
  9 hobgoblins
  5 jackals
  A quokka (D:2)
  7 bats
  3 frilled lizards (D:1)
  12 kobolds
  8 rats
87 creatures vanquished.

Notes
Turn   | Place    | Note
-------+----------+-------------------------------------------
     0 | D:1      | Gynju the Hill Orc Fighter began the quest for the Orb.
     0 | D:1      | Reached XP level 1. HP: 19/19 MP: 1/1
    90 | D:1      | Reached skill level 3 in Maces & Flails
    90 | D:1      | Reached XP level 2. HP: 25/26 MP: 2/2
   217 | D:1      | Reached XP level 3. HP: 30/31 MP: 3/3
   566 | D:1      | Reached skill level 4 in Maces & Flails
   950 | D:2      | Reached XP level 4. HP: 11/39 MP: 4/4
  1373 | D:2      | Reached skill level 5 in Maces & Flails
  1758 | D:2      | Found an opulent altar of Gozag.
  1779 | D:2      | Reached XP level 5. HP: 34/45 MP: 5/5
  2257 | D:3      | Reached skill level 6 in Maces & Flails
  2418 | D:3      | Reached XP level 6. HP: 42/51 MP: 6/6
  2574 | D:3      | Reached skill level 7 in Maces & Flails
  2587 | D:3      | Slain by a gnoll

Levels and vault maps discovered:
D:1:      erik_arrival_triangle_small, layout_basic
D:2:      layout_basic, nicolae_gozag_seed_capital, hangedman_feature_mirror
D:3:      layout_basic, chequers_ecumenical_altar_simple

Skill      XL: |  1  2  3  4  5  6 |
---------------+-------------------+-----
Maces & Flails | 3 4 5 6 7 |  7.0
Fighting       | |  3.6
Armour         | |  3.2
Shields        | |  3.2

Action                   |  1- 3 |  4- 6 || total
-------------------------+-------+-------++-------
Melee: Flail             |    87 |   191 ||   278
  Eat: Chunk             |       |     6 ||     6
Armor: Scale mail        |    36 |    95 ||   131
       Chain mail        |       |    20 ||    20
Dodge: Dodged            |    26 |    73 ||    99
Block: Shield            |    44 |   130 ||   174

Table legend:
 A = Non-vault XP
 B = Vault XP
 C = Vault XP percentage of total XP
 D = Non-vault monster count
 E = Vault monster count
 F = Vault count percentage of total count
                 A         B        C        D         E       F
            +---------+---------+-------+---------+---------+-------
      Total |     346 |      38 |   9.9 |      85 |       2 |   2.3
            +---------+---------+-------+---------+---------+-------
        D:1 |      51 |       0 |   0.0 |      29 |       0 |   0.0
        D:2 |      88 |      38 |  30.2 |      35 |       2 |   5.4
        D:3 |     207 |       0 |   0.0 |      21 |       0 |   0.0
            +---------+---------+-------+---------+---------+-------
